 Dungeon Crawl Stone Soup version 0.28-b1-1-g3c77fb2ed1 (webtiles) character file.

Game seed: 293184045226286655

1484 Minsecho the Chucker (level 8, -2/78 HPs)
             Began as an Ogre Arcane Marksman on Jan 30, 2022.
             Was a Follower of Okawaru.
             Killed from afar by an electric eel (12 damage)
             ... with a bolt of electricity
             ... on level 6 of the Dungeon.
             The game lasted 00:23:08 (12577 turns).

Minsecho the Chucker (Ogre Arcane Marksman)        Turns: 12577, Time: 00:23:09

Health: -2/78      AC:  5    Str: 15    XL:     8   Next: 79%
Magic:  13/13      EV: 10    Int: 14    God:    Okawaru [*.....]
Gold:   94         SH:  0    Dex:  6    Spells: 5/14 levels left

rFire   + + .      SeeInvis +   o - +0 whip
rCold   . . .      Faith    .   (no shield)
rNeg    . . .      Spirit   .   F - +2 robe of Idealism {+Inv rF++ Dex-5 SInv}
rPois   .          Reflect  .   (helmet restricted)
rElec   .          Harm     .   (no cloak)
rCorr   .          Rampage  .   (gloves unavailable)
Will    .....                   (boots unavailable)
Stlth   +.........              (no amulet)
HPRegen 0.23/turn               d - ring of wizardry
MPRegen 0.13/turn               (no ring)

@: no status effects
A: large, unfitting armour, tough skin 1
a: Renounce Religion, Evoke Invisibility, Heroism


You were on level 6 of the Dungeon.
You worshipped Okawaru.
Okawaru was aware of your devotion.
You visited 2 branches of the dungeon, and saw 8 of its levels.

You collected 230 gold pieces.
You spent 136 gold pieces at shops.

Inventory:

Hand Weapons
 o - a +0 whip (weapon)
 x - the +6 short sword "Rosm" {drain, Dex+2}
   (You found it on level 3 of the Dungeon)

   A truly terrible weapon, it drains the life of any living foe it strikes.
   Dex:       It affects your dexterity (+2).
Missiles
 m - 3 javelins
 n - 2 poisoned darts
 r - 118 stones (quivered)
 D - 2 large rocks
Armour
 a - a +0 robe
 F - the +2 robe of Idealism (worn) {+Inv rF++ Dex-5 SInv}
   (You bought it in a shop on level 5 of the Dungeon)

   Dex:       It affects your dexterity (-5).
   rF:        It greatly protects you from fire.
   SInv:      It lets you see invisible.
   +Inv:      It lets you turn invisible.
Jewellery
 d - a ring of wizardry (left hand)
 v - a +6 ring of strength
Wands
 b - a wand of acid (1)
 k - a wand of iceblast (4)
 q - a wand of paralysis (9)
 y - a wand of flame (11)
 G - a wand of mindburst (3)
Scrolls
 c - 4 scrolls of magic mapping {unknown}
 e - a scroll of fear
 g - a scroll of vulnerability {unknown}
 h - a scroll of holy word {unknown}
 t - a scroll of amnesia {unknown}
 w - a scroll of blinking {unknown}
 z - 3 scrolls of teleportation {unknown}
 A - a scroll of noise {unknown}
 C - 2 scrolls of immolation {unknown}
Potions
 f - 4 potions of degeneration
 i - a potion of haste
 j - a potion of attraction {unknown}
 l - a potion of flight
 p - a potion of resistance {unknown}
 s - a potion of ambrosia
 u - a potion of might
 B - 3 potions of brilliance
 E - a potion of heal wounds


   Skills:
 + Level 4.2 Fighting
 * Level 5.1 Maces & Flails
 * Level 5.8 Throwing
 + Level 3.5 Dodging
 + Level 3.9 Spellcasting
 + Level 3.7 Hexes
 + Level 1.0 Translocations
 + Level 0.2 Ice Magic
 + Level 0.9 Evocations


You had 5 spell levels left.
You knew the following spells:

 Your Spells              Type           Power      Damage    Failure   Level
a - Slow                  Hex            52%        N/A       1%          1
b - Blink                 Tloc           10%        N/A       8%          2
c - Ensorcelled Hibernat  Hex/Ice        16%        N/A       5%          2
d - Cause Fear            Hex            6%         N/A       16%         4

Your spell library contained the following spells:

 Spells                   Type           Power      Damage    Failure   Level
 Portal Projectile        Hex/Tloc       18%        N/A       9%          3
 Sublimation of Blood     Necr           2%         N/A       12%         2
 Wereblood                Tmut           2%         N/A       12%         2
 Inner Flame              Hex/Fire       7%         N/A       12%         3
 Spider Form              Tmut/Pois      2%         N/A       24%         3
 Anguish                  Hex/Necr       3%         N/A       34%         4
 Manifold Assault         Tloc           5%         N/A       77%         5
 Storm Form               Tmut/Air       1%         N/A       100%        7
 Summon Hydra             Summ           Unusable   N/A       N/A         7

Dungeon Overview and Level Annotations

Branches:
Dungeon (7/15)             Temple (1/1) D:4

Altars:
Ashenzari
Cheibriados
Fedhas
Gozag
Hepliaklqana
Kikubaaqudgha
Nemelex Xobeh
Okawaru
Qazlal
Ru
Trog
Uskayaw
Vehumet
Zin
The Shining One

Shops:
D:5 [


Innate Abilities, Weirdness & Mutations

You are too large for most types of armour.
You have tough skin. (AC +1)


Message History

The bolt of electricity hits you!
An orc comes into view. It is wielding a +0 hand axe.
The orc shouts!
You hit the electric eel.
The electric eel is lightly wounded.
You hit the electric eel but do no damage.
The electric eel is lightly wounded.
You closely miss the electric eel.
The electric eel is lightly wounded.
The electric eel shoots out a bolt of lightning at you!
The bolt of electricity hits you! x2
The bolt of electricity hits the electric eel.
The electric eel completely resists.
You barely miss the electric eel.
The electric eel is lightly wounded.
The orc hits you with a +0 hand axe.
You barely miss the electric eel.
The electric eel is lightly wounded.
The orc closely misses you.
You barely miss the electric eel.
The electric eel is lightly wounded.
The orc hits you but does no damage.
You hit the electric eel.
The electric eel is lightly wounded.
The orc misses you.
The electric eel shoots out a bolt of lightning at you!
The bolt of electricity hits you!
You swing at nothing.
You hit the orc but do no damage.
The electric eel is no longer moving slowly.
The orc hits you with a +0 hand axe.
You hit the orc but do no damage.
The electric eel shoots out a bolt of lightning at you!
The bolt of electricity hits the orc!
The orc dies!
The bolt of electricity hits you! x2
* * * LOW HITPOINT WARNING * * *
The electric eel shoots out a bolt of lightning at you!
The bolt of electricity hits you!
You die...

#. #####. ...... ###..
###.. ## #.... ###.
##.#.. #...## .....# #@#
....... #.# ##...##
.#.###)## ####...
.........### #.....#
#...♣≈♣S...#######.##..#
...♣≈♣≈≈≈........#......
.≈≈≈≈≈............##.#
.≈≈≈≈♣≈............##..
..♣≈♣♣.....#........#...


You could see an electric eel.

Vanquished Creatures
  An orc warrior (D:6)
  2 ogres (D:4)
  A phantom (D:4)
  A kobold brigand (D:5)
  A bullfrog (D:6)
  2 scorpions
  4 killer bees
  3 electric eels (D:6)
  A jelly (D:5)
  A gnoll shaman (D:4)
  4 hounds
  A centaur skeleton (D:5)
  3 iguanas
  Natasha (twice) (D:2)
  A hound zombie (D:5)
  A hound skeleton (D:5)
  Robin (D:4)
  8 gnolls
  A howler monkey skeleton (D:5)
  2 adders
  A white imp (D:5)
  An ufetubus (D:6)
  3 worms
  3 dart slugs
  9 orcs
  4 endoplasms
  A giant cockroach (D:1)
  18 goblins
  6 hobgoblins
  6 jackals (D:1)
  8 kobolds
  7 quokkas
  9 ball pythons
  4 bats (D:1)
  3 frilled lizards
  6 rats
130 creatures vanquished.

Vanquished Creatures (others)
  An adder (D:6)
  An orc (D:6)
  78 plants (D:6)
80 creatures vanquished.

Grand Total: 210 creatures vanquished

Notes
Turn   | Place    | Note
-------+----------+-------------------------------------------
     0 | D:1      | Minsecho the Ogre Arcane Marksman began the quest for the
                  | Orb.
     0 | D:1      | Reached XP level 1. HP: 19/19 MP: 2/2
    27 | D:1      | HP: 1/20 [ball python (1)]
   636 | D:1      | Reached XP level 2. HP: 20/28 MP: 3/3
  1406 | D:1      | Found a faded altar of an unknown god.
  1830 | D:1      | Reached XP level 3. HP: 29/35 MP: 3/5
  2675 | D:2      | Reached skill level 1 in Maces & Flails
  3096 | D:2      | Reached XP level 4. HP: 16/44 MP: 2/6
  3709 | D:2      | Learned a level 2 spell: Blink
  3815 | D:2      | Noticed Natasha
  3846 | D:2      | Killed Natasha
  3847 | D:2      | Reached XP level 5. HP: 41/50 MP: 4/7
  4063 | D:2      | Noticed Natasha
  4078 | D:2      | Killed Natasha
  4552 | D:3      | Found a broken altar of Ashenzari.
  4649 | D:3      | Learned a level 2 spell: Ensorcelled Hibernation
  4681 | D:3      | Identified the +6 short sword "Rosm" {drain, Dex+2}
  4993 | D:3      | Found an opulent altar of Gozag.
  5100 | D:3      | Found a faded altar of an unknown god.
  5104 | D:3      | Found a blossoming altar of Fedhas.
  5173 | D:3      | Found a sparkling altar of Nemelex Xobeh.
  5234 | D:4      | Noticed an ogre
  5238 | D:4      | Noticed Robin
  5239 | D:4      | Killed an ogre
  5240 | D:4      | Reached XP level 6. HP: 59/59 MP: 5/9
  5408 | D:4      | Killed Robin
  5564 | D:4      | HP: 3/61 [phantom (3)]
  6132 | D:4      | Found a staircase to the Ecumenical Temple.
  6151 | Temple   | Entered the Ecumenical Temple
  6197 | Temple   | Became a worshipper of Warmaster Okawaru
  6797 | D:4      | Reached XP level 7. HP: 16/67 MP: 10/10
  7649 | D:4      | Learned a level 4 spell: Cause Fear
  8109 | D:5      | Entered Level 5 of the Dungeon
  8333 | D:5      | Reached * piety under Okawaru
  8478 | D:5      | Found a radiant altar of Vehumet.
  9769 | D:5      | Reached XP level 8. HP: 67/78 MP: 12/12
  9847 | D:5      | Found Otoneil's Antique Armour Boutique.
  9855 | D:5      | Bought a shimmering robe for 136 gold pieces
  9855 | D:5      | Identified the +2 robe of Idealism {+Inv rF++ Dex-5 SInv}
                  | (You bought it in a shop on level 5 of the Dungeon)
 10228 | D:6      | Reached skill level 1 in Translocations
 10698 | D:6      | Reached skill level 5 in Throwing
 11415 | D:6      | Reached skill level 5 in Maces & Flails
 12577 | D:6      | Killed from afar by an electric eel

Illustrated notes

Levels and vault maps discovered:
D:1:      minmay_arrival_plants_in_alcoves, layout_basic,
          shapermc_ecumenical_altar_pompeii, minmay_misc_feat_ornament
D:2:      layout_basic, minmay_tetromino_s2, uniq_natasha
D:3:      layout_rooms, nicolae_gozag_seed_capital,
          nemelex_diamond_rough_becter, nicolae_overflow_ecumenical_swirl,
          ashenzari_conservatory_becter
D:4:      layout_basic, minmay_temple_entry_slanted, uniq_robin
D:5:      layout_rooms, mainiacjoe_overflow_24_doors, serial_shops,
          nicolae_shop_advertising_works [nicolae_subvault_shop_adworks]
D:6:      layout_loops_cross, serial_bayou, serial_bayou_pond_d,
          serial_bayou_crossing, serial_bayou_pond_c, serial_bayou_pond_a,
          serial_bayou_lake_a
D:7:      layout_rooms, mainiacjoe_overflow_alcove_2,
          nicolae_dithmenos_through_a_glass_darkly, xom_butterflies
Temple:   chequers_temple_sunken

Skill      XL: |  1  2  3  4  5  6  7  8 |
---------------+-------------------------+-----
Fighting       | 2 3 4 |  4.2
Dodging        | 2 3 |  3.5
Maces & Flails | 1 2 3 4 5 |  5.1
Hexes          | 3 |  3.7
Spellcasting   | 2 3 |  3.9
Throwing       | 3 4 5 |  5.8
Translocations | 1 |  1.0
Ice Magic      | |  0.2
Evocations     | |  0.9

Action                   |  1- 3 |  4- 6 |  7- 9 || total
-------------------------+-------+-------+-------++-------
Melee: Club              |   215 |       |       ||   215
       Unarmed           |    21 |       |       ||    21
       Punch             |     2 |     3 |     5 ||    10
       Whip              |    20 |   254 |   262 ||   536
Throw: Large rock        |       |    16 |    21 ||    37
       Javelin           |       |     3 |     6 ||     9
       Throwing net      |       |     1 |     1 ||     2
       Boomerang         |       |       |    51 ||    51
       Stone             |       |       |    36 ||    36
       Dart              |       |       |     5 ||     5
 Cast: Slow              |    20 |    24 |    30 ||    74
       Ensorcelled Hiber |       |     4 |     3 ||     7
       Blink             |       |     4 |     6 ||    10
       Cause Fear        |       |       |     1 ||     1
Invok: Heroism           |       |       |     1 ||     1
Evoke: Wand              |       |       |    20 ||    20
  Use: Potion            |       |     3 |     2 ||     5
       Scroll            |       |       |     7 ||     7
 Stab: Sleeping          |     1 |     1 |       ||     2
Armor: Robe              |   148 |    35 |    58 ||   241
Dodge: Dodged            |   162 |   113 |   154 ||   429
